 Dungeon Crawl Stone Soup version 0.22-a0-538-g76cc104 (webtiles) character file.

89254 Laiders72 the Warrior (level 16, -5/141 HPs)
             Began as a Formicid Fighter on June 22, 2018.
             Was the Champion of Okawaru.
             Slain by a nagaraja
             ... wielding a cursed +0 spear
              (14 damage)
             ... on level 4 of the Snake Pit on June 23, 2018.
             The game lasted 01:16:45 (27707 turns).

Laiders72 the Warrior (Formicid Fighter)           Turns: 27707, Time: 01:16:46

Health: -5/141     AC: 27    Str: 25    XL:     16   Next: 43%
Magic:  20/20      EV: 14    Int:  8    God:    Okawaru [******]
Gold:   1883       SH: 15    Dex: 10    Spells: 15/15 levels left

rFire    + . .     SeeInvis +   U - +9 flail "Sewurimn" {flame, rElec rPois rN+}
rCold    + . .     Gourm    .   K - +1 shield of Runutag {Regen+}
rNeg     + . .     Faith    .   P - +5 chain mail of Fun and Games {rF+ MR+ rCorr Dex-3}
rPois    +         Spirit   .   (helmet unavailable)
rElec    +         Reflect  .   Y - +2 cloak {rPois}
rCorr    +         Harm     .   S - +1 pair of gloves {archery}
MR       +++..                  y - +0 pair of boots
Stlth    ..........             (no amulet)
HPRegen  0.73/turn              q - ring of protection from magic
MPRegen  0.17/turn              J - ring of protection from cold

@: heroism, very slightly contaminated, studying Slings, invisible
A: permanent stasis, dig shafts and tunnels, four strong arms, antennae 3
a: Dig, Shaft Self, Heroism, Finesse, Renounce Religion


You were on level 4 of the Snake Pit.
You worshipped Okawaru.
Okawaru was exalted by your worship.
You were hungry.

You visited 3 branches of the dungeon, and saw 22 of its levels.
You also visited: Labyrinth.

You collected 1883 gold pieces.

Inventory:

Hand Weapons
 U - the +9 flail "Sewurimn" (weapon) {flame, rElec rPois rN+}
   (Okawaru gifted it to you on level 5 of the Lair of Beasts)

   It has been specially enchanted to burn those struck by it, causing extra
   injury to most foes and up to half again as much damage against particularly
   susceptible opponents.
   It insulates you from electricity.
   It protects you from poison.
   It protects you from negative energy.
Missiles
 g - 14 silver javelins
 m - 21 tomahawks (quivered)
 p - 2 throwing nets
 G - 6 javelins
Armour
 b - the +5 acid dragon scales "Iwuet" {rPois MR- rCorr Str+4}
   (Okawaru gifted it to you on level 12 of the Dungeon)

   It affects your strength (+4).
   It protects you from poison.
   It affects your resistance to hostile enchantments.
   It protects you from acid and corrosion.
 y - a +0 pair of boots (worn)
 K - the +1 shield of Runutag (worn) {Regen+}
   (You took it off a minotaur in a labyrinth)

   It increases your rate of regeneration.
 P - the +5 chain mail of Fun and Games (worn) {rF+ MR+ rCorr Dex-3}
   (You found it in a labyrinth)

   It affects your dexterity (-3).
   It protects you from fire.
   It affects your resistance to hostile enchantments.
   It protects you from acid and corrosion.
 S - a +1 pair of gloves of archery (worn)
 Y - a +2 cloak of poison resistance (worn)
Jewellery
 q - a ring of protection from magic (left hand)
 J - a ring of protection from cold (right hand)
 N - an uncursed ring of positive energy
 O - an uncursed ring of positive energy
 W - an uncursed ring of protection from fire
 X - an uncursed ring of protection from cold
Wands
 a - a wand of scattershot (2)
 n - a wand of polymorph (33)
 s - a wand of acid (16)
 D - a wand of paralysis (20)
 F - a wand of random effects (65)
 I - a wand of disintegration (13)
 M - a wand of enslavement (14)
 T - a wand of iceblast (13)
Scrolls
 d - 2 scrolls of noise
 h - 6 scrolls of fog
 i - 2 scrolls of remove curse
 l - 2 scrolls of holy word {unknown}
 u - 4 scrolls of magic mapping
 v - a scroll of vulnerability {unknown}
 w - 11 scrolls of identify
 x - 6 scrolls of blinking {unknown}
 A - 3 scrolls of acquirement
 C - 3 scrolls of enchant armour
 E - a scroll of enchant weapon {unknown}
 L - 2 scrolls of random uselessness {unknown}
 R - a scroll of torment {unknown}
 V - 2 scrolls of fear {unknown}
Potions
 c - a potion of flight
 e - 6 potions of brilliance
 j - a potion of ambrosia
 k - 4 potions of lignification
 o - 4 potions of might
 t - 3 potions of agility
 z - a potion of cancellation
 B - 4 potions of curing
Books
 H - a manual of Slings
Miscellaneous
 Q - a lamp of fire
Comestibles
 f - 34 rations


   Skills:
 * Level 17.0(22.0) Fighting
 - Level 14.0(19.0) Maces & Flails
 + Level 5.0(10.0) Throwing
 + Level 12.8(17.8) Armour
 + Level 8.1(13.1) Dodging
 - Level 9.0(14.0) Shields
 - Level 6.0 Invocations
 + Level 5.5 Evocations


You had 15 spell levels left.
You didn't know any spells.
Your spell library contained the following spells:

 Spells                   Type           Power        Failure   Level  Hunger
 Cause Fear               Hex            #.........   100%        4    #####..
 Apportation              Tloc           #.....       83%         1    ##.....
 Bolt of Magma            Conj/Fire/Erth #.........   100%        5    ######.
 Slow                     Hex            #.......     92%         2    ###....
 Invisibility             Hex            #.......     100%        6    #######
 Mephitic Cloud           Conj/Pois/Air  #.......     99%         3    ####...
 Venom Bolt               Conj/Pois      #.........   100%        5    ######.
 Olgreb's Toxic Radiance  Pois           #.......     100%        4    #####..
 Summon Small Mammal      Summ           #...         83%         1    ##.....
 Animate Skeleton         Necr           N/A          83%         1    ##.....
 Sting                    Conj/Pois      #...         83%         1    ##.....
 Tukima's Dance           Hex            #.......     99%         3    ####...
 Summon Demon             Summ           #.........   100%        5    ######.
 Iron Shot                Conj/Erth      #.........   100%        6    #######
 Recall                   Summ/Tloc      N/A          99%         3    ####...
 Statue Form              Tmut/Erth      #........    100%        6    #######
 Shadow Creatures         Summ           N/A          100%        6    #######
 Confusing Touch          Hex            #.....       83%         1    ##.....
 Summon Butterflies       Summ           #.......     83%         1    ##.....
 Shatter                  Erth           #.........   100%        9    #######
 Corona                   Hex            #......      83%         1    ##.....
 Alistair's Intoxication  Tmut/Pois      #.......     100%        5    ######.
 Portal Projectile        Hex/Tloc       #.....       99%         3    ####...
 Leda's Liquefaction      Hex/Erth       #.........   100%        4    #####..
 Inner Flame              Hex/Fire       #.......     99%         3    ####...
 Aura of Abjuration       Summ           #.........   100%        5    ######.
 Summon Forest            Summ/Tloc      #.........   100%        5    ######.
 Summon Mana Viper        Hex/Summ       #.......     100%        5    ######.
 Lesser Beckoning         Tloc           #.........   99%         3    ####...
 Poisonous Vapours        Pois/Air       #.....       92%         2    ###....


Dungeon Overview and Level Annotations

Branches:
Dungeon (12/15)            Temple (0/1) D:4            Lair (6/6) D:9
 Shoals (0/4) Lair:3        Snake (4/4) Lair:2        Slime (0/5) Lair:6
    Orc (0/2) D:11

Altars:
Cheibriados
Dithmenos
Gozag
Hepliaklqana
Kikubaaqudgha
Makhleb
Okawaru
Yredelemnul
Zin
Jiyva

Shops:
D:4 }   D:6 !   Snake:3 (*(

Portals:
Hell: Lair:6

Annotations:
D:4 2 transporters, Menkaure
Snake:2 2 transporters, Avvaivego's ghost, journeyman TrFi


Innate Abilities, Weirdness & Mutations

You cannot be hasted, slowed, berserked, paralysed or teleported.
You can dig through walls and to a lower floor.
Your four strong arms can wield two-handed weapons with a shield.
You have a pair of large antennae on your head. (SInv)


Message History

The splash of poison hits you! You resist.
* * * LOW HITPOINT WARNING * * *
The nagaraja constricts you. The black mamba barely misses you.
You block the naga mage's attack.
The naga warrior hits you but does no damage.
You escape the nagaraja's grasp.
The nagaraja casts a spell at you. The bolt of poison hits you! You resist.
The black mamba closely misses you.
You fade into invisibility!
The nagaraja spits poison at you. The splash of poison hits you! You resist.
The black mamba misses you.
The nagaraja points at you and mumbles some strange words.
The bolt of poison hits you! You resist.
* * * LOW HITPOINT WARNING * * *
You block the black mamba's attack.
You are very lightly contaminated with residual magic.
The nagaraja casts a spell at you. You resist with almost no effort.
The nagaraja hits you from afar with a spear!
You die...

................## #....
........##.......## #.....
..).....##........# ......
#..######.........## #......
.####.###..........# .......
#####...#..........# .......
.......#..........N##.......
........##........SNN.......
........###.....@..##{{.....
........# #.......## {......
.........###.###### #......
..........#### ...##.
..........# ....S
........#.# { ..N..
##..#####.# {


NN... { {{ You could see a naga warrior, a nagaraja, a naga sharpshooter and a
black mamba.

Vanquished Creatures
  2 nagarajas
  A minotaur (Lab)
  7 naga warriors
  7 hydras
  9 anacondas
  A two-headed ogre (D:11)
  5 death yaks (Lair:6)
  6 naga sharpshooters
  4 shock serpents
  Sonja (Lair:2)
  A sun demon (Lair:6)
  A salamander mystic (Snake:4)
  An unseen horror (D:11)
  A wizard (Lair:6)
  Pikel (D:6)
  3 naga ritualists
  8 mana vipers
  A cyclops (D:12)
  5 salamanders
  A manticore (D:11)
  An elephant (Lair:6)
  8 naga magi
  2 guardian serpents (Snake:3)
  An orange demon (Lair:6)
  A smoke demon (Lair:6)
  26 black mambas
  A gargoyle (D:10)
  9 spiny frogs
  4 rime drakes (Lair:6)
  A red devil (Lair:6)
  3 komodo dragons (Lair:6)
  3 ice devils (Lair:6)
  A troll (D:11)
  2 hornets
  A queen bee (D:12)
  Prince Ribbit (D:7)
  4 polar bears
  26 blink frogs
  12 hippogriffs
  2 redbacks (Lab)
  A shadow (D:11)
  A spriggan (D:7)
  2 wraiths
  3 wyverns
  4 hogs (D:12)
  45 yaks
  2 hungry ghosts (D:9)
  2 basilisks
  A steam dragon (D:6)
  4 hell hounds (Lair:6)
  23 nagas
  A soldier ant (D:12)
  23 water moccasins
  3 sky beasts
  11 porcupines
  3 orc warriors
  A swamp drake (D:11)
  2 black bears
  4 ice beasts
  2 necrophages
  6 ogres
  8 centaurs
  3 wolves (Lair:5)
  5 crocodiles
  A big kobold (D:11)
  Blork the orc (D:5)
  11 bullfrogs
  A gnoll sergeant (D:9)
  3 scorpions
  2 wyvern skeletons
  9 killer bees (D:12)
  5 wights (D:12)
  An electric eel (Lair:3)
  3 howler monkeys
  A crimson imp (D:6)
  3 centaur zombies
  6 orc priests
  2 quasits
  A centaur skeleton (D:9)
  2 hounds (D:9)
  5 bullfrog skeletons
  5 orc wizards
  Jessica (D:3)
  3 iguanas
  Terence (D:3)
  11 worker ants
  A killer bee zombie (D:9)
  Robin (D:3)
  15 gnolls
  16 adders
  2 shadow imps
  An ooze (D:4)
  2 adder zombies
  2 adder skeletons
  7 dart slugs
  8 leopard geckos
  48 orcs
  3 ball pythons
  6 giant cockroaches
  13 goblins
  10 hobgoblins
  11 jackals
  11 kobolds
  8 quokkas
  7 bats
  9 frilled lizards
  3 leopard gecko skeletons
  A quokka skeleton (D:8)
  4 rats
602 creatures vanquished.

Vanquished Creatures (others)
  Kirke (D:12)
  A naga mage (Snake:2)
  A slave (D:6)
  A howler monkey (D:6)
  An orc priest (D:12)
  An adder (D:6)
  An adder skeleton (D:6)
  2 orcs
  4 jackals (D:7)
  A plant (Lair:3)
14 creatures vanquished.

Grand Total: 616 creatures vanquished

Notes
Turn   | Place    | Note
-------+----------+-------------------------------------------
     0 | D:1      | Laiders72 the Formicid Fighter began the quest for the Orb.
     0 | D:1      | Reached XP level 1. HP: 18/18 MP: 1/1
   117 | D:1      | Reached XP level 2. HP: 21/24 MP: 2/2
   604 | D:1      | Reached XP level 3. HP: 30/30 MP: 3/3
  1441 | D:2      | Reached XP level 4. HP: 36/37 MP: 4/4
  1490 | D:2      | Reached skill level 4 in Fighting
  2294 | D:2      | Reached XP level 5. HP: 36/42 MP: 5/5
  2971 | D:3      | Found an iron altar of Okawaru.
  2972 | D:3      | Found a snail-covered altar of Cheibriados.
  3009 | D:3      | Became a worshipper of Warmaster Okawaru
  3077 | D:3      | Noticed Jessica
  3085 | D:3      | Killed Jessica
  3085 | D:3      | Reached XP level 6. HP: 48/49 MP: 6/6
  3210 | D:3      | Noticed Robin
  3244 | D:3      | Killed Robin
  3583 | D:3      | Noticed Terence
  3614 | D:3      | Killed Terence
  3614 | D:3      | Reached skill level 5 in Fighting
  3916 | D:3      | Found a glowing silver altar of Zin.
  3916 | D:3      | Found an opulent altar of Gozag.
  4159 | D:4      | Noticed an ogre
  4328 | D:4      | Killed an ogre
  4328 | D:4      | Reached skill level 5 in Shields
  4328 | D:4      | Reached XP level 7. HP: 23/56 MP: 7/7
  4559 | D:4      | Reached * piety under Okawaru
  4609 | D:4      | Found a transporter.
  4610 | D:4      | Found a transporter.
  4631 | D:4      | Found an ancient bone altar of Kikubaaqudgha.
  4644 | D:4      | Noticed Menkaure
  4648 | D:4      | Found a basalt altar of Yredelemnul.
  4679 | D:4      | Found Donu's Gadget Shoppe.
  5233 | D:4      | Found a staircase to the Ecumenical Temple.
  5777 | D:5      | Entered Level 5 of the Dungeon
  5848 | D:5      | Reached skill level 5 in Maces & Flails
  6010 | D:5      | Noticed a hippogriff
  6033 | D:5      | Killed a hippogriff
  6033 | D:5      | Reached skill level 6 in Fighting
  6033 | D:5      | Reached skill level 5 in Armour
  6033 | D:5      | Reached XP level 8. HP: 48/64 MP: 6/8
  6191 | D:5      | Noticed Blork the orc
  6196 | D:5      | Killed Blork the orc
  6893 | D:6      | Reached ** piety under Okawaru
  6909 | D:6      | Noticed Pikel
  6947 | D:6      | Killed Pikel
  6947 | D:6      | Reached skill level 7 in Fighting
  6947 | D:6      | Reached XP level 9. HP: 33/72 MP: 9/9
  7429 | D:6      | Found Tinado's Distillery.
  7919 | D:7      | Reached skill level 8 in Fighting
  7939 | D:7      | Reached *** piety under Okawaru
  8065 | D:7      | Found a hazy altar of Hepliaklqana.
  8178 | D:7      | Noticed Prince Ribbit
  8194 | D:7      | Noticed a hippogriff
  8208 | D:7      | Killed a hippogriff
  8397 | D:7      | Killed Prince Ribbit
  8831 | D:8      | Reached XP level 10. HP: 82/82 MP: 10/10
  8893 | D:8      | Reached skill level 9 in Fighting
  9502 | D:8      | Found a shadowy altar of Dithmenos.
 10002 | D:9      | Paralysed by fainting for 8 turns
 10318 | D:9      | Reached **** piety under Okawaru
 10773 | D:9      | Found a staircase to the Lair.
 10824 | D:10     | Entered Level 10 of the Dungeon
 11290 | D:10     | Reached skill level 10 in Fighting
 11399 | D:10     | Reached XP level 11. HP: 29/92 MP: 11/11
 11776 | D:10     | Reached ***** piety under Okawaru
 12589 | D:11     | Noticed a two-headed ogre
 12622 | D:11     | Killed a two-headed ogre
 12622 | D:11     | Reached skill level 11 in Fighting
 12622 | D:11     | Reached skill level 10 in Maces & Flails
 12931 | D:11     | Received a gift from Okawaru
 13091 | D:11     | Got a faintly glowing demon trident {god gift}
 13092 | D:11     | Identified the +5 demon trident "Reeduuly" {pierce, rC+} (Okawaru gifted it to you on level 11 of the Dungeon)
 13401 | D:11     | Found a staircase to the Orcish Mines.
 13422 | D:11     | Noticed an unseen horror
 13447 | D:11     | Killed an unseen horror
 14001 | D:11     | Noticed a manticore
 14013 | D:11     | Killed a manticore
 14014 | D:11     | Noticed a five-headed hydra
 14029 | D:11     | Killed a five-headed hydra
 14280 | D:11     | Reached XP level 12. HP: 102/102 MP: 12/12
 14466 | D:11     | Reached skill level 12 in Fighting
 14905 | D:12     | Reached skill level 1 in Invocations
 14972 | D:12     | Received a gift from Okawaru
 14975 | D:12     | Got dazzling acid dragon scales {god gift}
 14986 | D:12     | Identified the +5 acid dragon scales "Iwuet" {rPois MR- rCorr Str+4} (Okawaru gifted it to you on level 12 of the Dungeon)
 15067 | D:12     | Reached skill level 1 in Dodging
 15086 | D:12     | Noticed Kirke
 15103 | D:12     | Killed Kirke
 16113 | Lair:1   | Entered Level 1 of the Lair of Beasts
 16990 | Lair:2   | Found a labyrinth entrance.
 17015 | Lair:2   | Reached skill level 13 in Fighting
 17022 | Lair:2   | Reached ****** piety under Okawaru
 17025 | Lair:2   | Reached XP level 13. HP: 60/111 MP: 15/15
 17059 | Lab      | Entered a labyrinth
 17781 | Lab      | Noticed a minotaur
 17815 | Lab      | Killed a minotaur
 17818 | Lab      | Got a distressingly furry shield
 17837 | Lab      | Got a polished chain mail
 18026 | Lab      | Identified the +1 shield of Runutag {Regen+} (You took it off a minotaur in a labyrinth)
 18038 | Lab      | Identified the +5 chain mail of Fun and Games {rF+ MR+ rCorr Dex-3} (You found it in a labyrinth)
 18058 | Lair:2   | Upgraded the game from 0.22-a0-533-g4d20840 to 0.22-a0-538-g76cc104
 18066 | Lair:2   | Noticed Sonja
 18097 | Lair:2   | Killed Sonja
 18097 | Lair:2   | Reached skill level 10 in Armour
 18379 | Lair:2   | Found a staircase to the Snake Pit.
 18804 | Lair:3   | Received a gift from Okawaru
 19119 | Lair:3   | Reached skill level 5 in Invocations
 19167 | Lair:3   | Found a staircase to the Shoals.
 19230 | Lair:3   | Noticed a five-headed hydra
 19248 | Lair:3   | Killed a five-headed hydra
 19818 | Lair:4   | Found the +7 longbow "Piercer" {penet, EV-2}
 20047 | Lair:4   | Noticed a four-headed hydra
 20057 | Lair:4   | Killed a four-headed hydra
 20165 | Lair:4   | Reached skill level 14 in Fighting
 20719 | Lair:5   | Received a gift from Okawaru
 20719 | Lair:5   | Reached XP level 14. HP: 66/120 MP: 18/18
 20722 | Lair:5   | Got a slimy flail {god gift}
 20877 | Lair:5   | Identified the +9 flail "Sewurimn" {flame, rElec rPois rN+} (Okawaru gifted it to you on level 5 of the Lair of Beasts)
 21336 | Lair:5   | Reached skill level 5 in Dodging
 21484 | Lair:6   | Entered Level 6 of the Lair of Beasts
 21608 | Lair:6   | Found a viscous altar of Jiyva.
 21720 | Lair:6   | Found a staircase to the Slime Pits.
 21816 | Lair:6   | Received a gift from Okawaru
 22276 | Lair:6   | Reached skill level 15 in Fighting
 22311 | Lair:6   | Received a gift from Okawaru
 22379 | Lair:6   | Found a burning altar of Makhleb.
 22585 | Lair:6   | Found a gateway to Hell.
 23003 | Snake:1  | Entered Level 1 of the Snake Pit
 23065 | Snake:1  | Reached XP level 15. HP: 79/129 MP: 19/19
 23286 | Snake:1  | Reached skill level 1 in Evocations
 23460 | Snake:1  | Reached skill level 1 in Throwing
 23812 | Snake:1  | Received a gift from Okawaru
 23879 | Snake:1  | Got a crystal demon whip {god gift}
 23880 | Snake:1  | Identified the +4 demon whip "Icuut" {drain, rElec Int-2 Dex-4 Stlth+} (Okawaru gifted it to you on level 1 of the Snake Pit)
 24277 | Snake:2  | Reached skill level 16 in Fighting
 24533 | Snake:2  | Found a transporter.
 24535 | Snake:2  | Noticed Avvaivego's ghost (journeyman TrFi)
 24581 | Snake:2  | Found a transporter.
 24815 | Snake:2  | Received a gift from Okawaru
 25624 | Snake:3  | Identified 3 scrolls of acquirement
 25635 | Snake:3  | Noticed a nagaraja
 25661 | Snake:3  | Killed a nagaraja
 25885 | Snake:3  | Received a gift from Okawaru
 25907 | Snake:3  | Reached XP level 16. HP: 43/139 MP: 20/20
 26133 | Snake:3  | Found Rekhakag's General Store.
 26137 | Snake:3  | Found Qoodus's Antique Weapon Shoppe.
 26324 | Snake:3  | Found Taroder's Antique Weapon Shop.
 26749 | Snake:4  | Entered Level 4 of the Snake Pit
 26772 | Snake:4  | Reached skill level 5 in Evocations
 27123 | Snake:4  | Received a gift from Okawaru
 27412 | Snake:4  | Noticed a nagaraja
 27432 | Snake:4  | Killed a nagaraja
 27432 | Snake:4  | Reached skill level 17 in Fighting
 27479 | Snake:4  | Reached skill level 5 in Throwing
 27665 | Snake:4  | Noticed a nagaraja
 27705 | Snake:4  | HP: 7/141 [nagaraja/bolt of poison (4)]
 27707 | Snake:4  | Slain by a nagaraja

Vault maps used:
D:1:      lightli_arrival_windingriver, nrook_mini_backslash
D:3:      chequers_temple_overflow_statue_of_worship,
          grunt_temple_overflow_gold_and_silver, first_ration,
          grunt_ministairs_8, uniq_robin, uniq_jessica, uniq_terence
D:4:      gammafunk_temple_of_torment, minmay_temple_entry_glassed_door,
          serial_shops, nicolae_shop_trees, feat_on_display
D:5:      uniq_menkaure, uniq_blork_the_orc
D:6:      serial_shops, kennysheep_little_box, uniq_pikel
D:7:      basic_altar, the_bakery, uniq_prince_ribbit1
D:8:      basic_altar
D:9:      lair_entry_dummy
D:10:     minmay_misc_feat_hallway
D:11:     erik_orc_1
D:12:     nicolae_looking_at_the_future, uniq_kirke
Lair:2:   guppyfry_snake_entry_island, enter_volcano_1, lab_entry_generic,
          grunt_forest_small_clearings, uniq_sonja
Lair:3:   minmay_shoals_entry_centaurs, serial_bayou_shore_a
Lair:5:   lemuel_fruit_tree, grunt_megastairs_2
Lair:6:   evil_forest, slime_altar_1
Snake:2:  gammafunk_ghost_arena, grunt_megastairs_3
Snake:3:  serial_shops, shop, minmay_shop_star
Snake:4:  snake_pit, serial_shops, nicolae_shop_behind_doors
Lab:      labyrinth_spiral, labyrinth_skeletal_remains, nicolae_lab_starburst,
          nicolae_lab_grate, nicolae_lab_diamond, nicolae_lab_flowing_pool,
          nicolae_lab_lava

Skill      XL: |  1  2  3  4  5  6  7  8  9 10 11 12 13 14 15 16 |
---------------+-------------------------------------------------+-----
Shields        | 4 5 6 7 8 9 |  9.0
Fighting       | 4 5 6 7 8 10 11 13 14 15 16 17 | 17.0
Maces & Flails | 3 4 5 6 7 9 10 11 13 14 | 14.0
Armour         | 4 5 6 7 8 9 10 11 12 | 12.8
Invocations    | 3 6 |  6.0
Dodging        | 2 4 6 7 8 |  8.1
Evocations     | 4 5 |  5.5
Throwing       | 4 5 |  5.0

Action                   |  1- 3 |  4- 6 |  7- 9 | 10-12 | 13-15 | 16-18 || total
-------------------------+-------+-------+-------+-------+-------+-------++-------
Melee: Flail             |   110 |   277 |   362 |   621 |   728 |   227 ||  2325
       Morningstar       |       |       |       |   447 |   454 |       ||   901
Throw: Tomahawk          |       |       |       |     4 |     1 |    19 ||    24
Invok: Heroism           |       |       |     8 |    16 |    18 |     2 ||    44
       Finesse           |       |       |       |     2 |       |       ||     2
Evoke: Wand              |       |       |       |       |     1 |     1 ||     2
  Use: Potion            |       |     4 |       |       |     6 |     2 ||    12
       Scroll            |       |     3 |     4 |    11 |     5 |       ||    23
 Stab: Paralysed         |       |       |       |       |       |     3 ||     3
  Eat: Chunk             |     2 |     8 |     9 |    20 |    19 |     2 ||    60
       Ration            |       |       |     2 |     6 |     3 |     1 ||    12
Armor: Scale mail        |    48 |   130 |    19 |       |       |       ||   197
       Chain mail        |       |       |   192 |   377 |   289 |    97 ||   955
       Acid dragon scale |       |       |       |   100 |   138 |       ||   238
Dodge: Dodged            |    35 |   121 |   133 |   339 |   486 |    77 ||  1191
Block: Shield            |    54 |   185 |   276 |   662 |   844 |   150 ||  2171

Table legend:
 A = Spawn XP
 B = Non-spawn XP
 C = Spawn XP percentage of total XP
 D = Spawn monster count
 E = Non-spawn monster count
 F = Spawn count percentage of total count
 G = Total turns spent on level
                    A         B        C        D         E        F      G
               +---------+---------+-------+---------+---------+-------+---------
         Total |       0 |  127507 |   0.0 |       0 |     605 |   0.0 | 27707
               +---------+---------+-------+---------+---------+-------+---------
           D:1 |       0 |      52 |   0.0 |       0 |      25 |   0.0 |  1193
           D:2 |       0 |      87 |   0.0 |       0 |      22 |   0.0 |  1053
           D:3 |       0 |     283 |   0.0 |       0 |      44 |   0.0 |  1990
           D:4 |       0 |     374 |   0.0 |       0 |      21 |   0.0 |  1541
           D:5 |       0 |     681 |   0.0 |       0 |      23 |   0.0 |  1013
           D:6 |       0 |    1126 |   0.0 |       0 |      13 |   0.0 |  1255
           D:7 |       0 |    1293 |   0.0 |       0 |      18 |   0.0 |   769
           D:8 |       0 |     720 |   0.0 |       0 |      19 |   0.0 |   980
           D:9 |       0 |    1207 |   0.0 |       0 |      23 |   0.0 |  1072
          D:10 |       0 |    3222 |   0.0 |       0 |      29 |   0.0 |  1619
          D:11 |       0 |    7576 |   0.0 |       0 |      56 |   0.0 |  2265
          D:12 |       0 |    6091 |   0.0 |       0 |      41 |   0.0 |  1363
        Lair:1 |       0 |    2381 |   0.0 |       0 |      12 |   0.0 |   729
        Lair:2 |       0 |    5570 |   0.0 |       0 |      27 |   0.0 |   945
        Lair:3 |       0 |    4423 |   0.0 |       0 |      22 |   0.0 |  1009
        Lair:4 |       0 |    7920 |   0.0 |       0 |      30 |   0.0 |   947
        Lair:5 |       0 |    5852 |   0.0 |       0 |      21 |   0.0 |   835
        Lair:6 |       0 |   20070 |   0.0 |       0 |      53 |   0.0 |  1439
       Snake:1 |       0 |   14795 |   0.0 |       0 |      28 |   0.0 |  1240
       Snake:2 |       0 |   11532 |   0.0 |       0 |      21 |   0.0 |  1044
       Snake:3 |       0 |   19142 |   0.0 |       0 |      33 |   0.0 |  1462
       Snake:4 |       0 |   11437 |   0.0 |       0 |      21 |   0.0 |   958
           Lab |       0 |    1673 |   0.0 |       0 |       3 |   0.0 |   986
               +---------+---------+-------+---------+---------+-------+---------
